 Dungeon Crawl Stone Soup version 0.31-a0-177-g4aa6249778 (webtiles) character file.

Game seed: 13367216737890583711

21 Moral the Digger (level 2, -1/21 HPs)
             Began as a Barachi Earth Elementalist on June 18, 2023.
             Slain by an adder (3 damage)
             ... on level 2 of the Dungeon.
             The game lasted 00:06:07 (1033 turns).

Moral the Digger (Barachi Earth Elementalist)       Turns: 1033, Time: 00:06:07

Health: -1/21      AC:  3    Str:  9    XL:     2   Next: 83%
Magic:  1/5        EV: 12    Int: 15    God:
Gold:   100        SH:  0    Dex: 12    Spells: 5/6 levels left

rFire   . . .        f - +0 dagger (speed)
rCold   . . .        (no shield)
rNeg    . . .        a - +1 robe
rPois   .            (no helmet)
rElec   .            (no cloak)
rCorr   .            (no gloves)
SInv    .            (no boots)
Will    .....        (no amulet)
Stlth   ++           (no ring)
HPRegen 0.23/turn    (no ring)
MPRegen 0.09/turn

%: no passive effects
@: unable to hop, slow
A: amphibious, slowness 1, strong legs 1, +LOS
a: Hop


You were on level 2 of the Dungeon.
You visited 1 branch of the dungeon, and saw 2 of its levels.

You collected 100 gold pieces.

Inventory:

Hand Weapons
 f - a +0 dagger of speed (weapon)
Armour
 a - a +1 robe (worn)
Scrolls
 g - 2 scrolls of identify {unknown}
 k - a scroll of fear {unknown}
 l - a scroll of vulnerability {unknown}
Potions
 b - a potion of magic
 c - a potion of haste {unknown}
 e - 2 potions of degeneration {unknown}
 i - a potion of enlightenment {unknown}


   Skills:
 + Level 1.3 Fighting
 + Level 2.5 Dodging
 - Level 1.7 Stealth
 + Level 2.5 Spellcasting
 - Level 1.1 Transmutations
 + Level 3.2 Earth Magic


You had 5 spell levels left.
You knew the following spells:

 Your Spells              Type           Power      Damage    Failure   Level
a - Sandblast             Erth           22%        2d7       5%          1

Your spell library contained the following spells:

 Spells                   Type           Power      Damage    Failure   Level
 Passwall                 Tmut/Erth      6%         N/A       13%         2
 Stone Arrow              Conj/Erth      12%        3d7       32%         3
 Petrify                  Tmut/Erth      8%         N/A       65%         4


Dungeon Overview and Level Annotations

Branches:
Dungeon (2/15)

Altars:


Innate Abilities, Weirdness & Mutations

You are amphibious.
You cover ground slowly.
You can hop short distances.
You have an extended range of vision and can be seen from far away.


Message History

The adder is heavily wounded.
The adder misses you.
You hit the adder.
The adder is severely wounded.
The adder barely misses you.
You hit the adder but do no damage.
The adder is severely wounded.
The adder misses you.
You closely miss the adder.
The adder is severely wounded.
The adder bites you.
You are poisoned.
The adder poisons you!
You completely miss the adder.
The adder is severely wounded.
You feel sick. The adder barely misses you.
Your magical contamination has completely faded away.
You hit the adder but do no damage.
The adder is severely wounded.
You feel sick. The adder bites you.
You feel sick.
There is an open door here.
The adder attacks as you move away! The adder barely misses you.
You feel sick. The adder bites you but does no damage.
You closely miss the adder.
The adder is severely wounded.
You feel sick. The adder barely misses you.
You hit the adder but do no damage.
The adder is severely wounded.
The adder bites you.
* * * LOW HITPOINT WARNING * * *
You hit the adder.
The adder is almost dead.
You feel sick.
You closely miss the adder.
The adder is almost dead.
You feel sick.
You are no longer poisoned.
The adder bites you.
You die...

...######..# ##..#......
...........# .........#
#.......##.# ##..#...#.###
#.......##.# ........ ..
#.......##.### ...#.##.##
#.......#....#
########.........
#............# #..†§§gS....#
#.......#....###S######.g..#
...........#...§@.#####....#
.........[.#§.§§†....##..g.#
...........#.§.......##....#
........####.........###.#...
.###+#### #....§.#### #.#....
## .......... ........
#...###....... ..#..... ....>
.......# ### ..... ##...
##.......


You could see an adder.

Vanquished Creatures
  A goblin (D:2)
  4 hobgoblins (D:2)
  2 jackals (D:1)
  A kobold (D:1)
  3 quokkas
  2 bats (D:1)
  A frilled lizard (D:2)
  4 rats (D:1)
18 creatures vanquished.

Notes
Turn   | Place    | Note
-------+----------+-------------------------------------------
     0 | D:1      | Moral the Barachi Earth Elementalist began the quest for
                  | the Orb.
     0 | D:1      | Reached XP level 1. HP: 13/13 MP: 3/3
   423 | D:1      | Reached XP level 2. HP: 16/20 MP: 0/5
   651 | D:1      | Reached skill level 1 in Fighting
  1033 | D:2      | Slain by an adder

Illustrated notes

Levels and vault maps discovered:
D:1:      dpeg_arrival_shelter, layout_rooms, serial_bayou, serial_bayou_pond_a,
          serial_bayou_shore_a, serial_bayou_shore_b, serial_bayou_pond_d
D:2:      layout_basic, minivault_27, supply_closet_lemuel, uniq_terence

Skill      XL: |  1  2 |
---------------+-------+-----
Fighting       | 1 |  1.3
Dodging        | |  2.5
Stealth        | |  1.7
Spellcasting   | |  2.5
Transmutations | |  1.1
Earth Magic    | |  3.2

Action                     || total
---------------------------++-------
  Melee: Unarmed           ||    19
         Dagger            ||    32
         Punch             ||     1
   Cast: Sandblast         ||    27
Ability: Hop               ||     2
    Use: Scroll            ||     3
 Armour: Robe              ||    13
  Dodge: Dodged            ||    53

Table legend: (Time is in decaauts)
 A = Elapsed time spent in this place.
 B = Non-inter-level travel time spent in this place.
 C = Inter-level travel time spent in this place.
 D = Time resting spent in this place.
 E = Time spent auto-exploring this place.
 F = Levels seen in this place.
 G = Mean time per level.
                   A        B        C        D        E       F      G
               +--------+--------+--------+--------+--------+-----+--------+
         Total |   1143 |   1101 |     42 |    142 |    726 |   2 |  571.5 |
       Dungeon |   1143 |   1101 |     42 |    142 |    726 |   2 |  571.5 |
               +--------+--------+--------+--------+--------+-----+--------+

Top non-repeatable levels by time:
     D:1: 940 daAuts
     D:2: 203 daAuts
